 Dungeon Sprint DCSS version 0.19-a0-1714-gcab94ab (webtiles) character file.

5663 Theye the Spear-Bearer (level 10, -14/102 HPs)
             Began as a Naga Fighter on Sept 28, 2016.
             Was the Champion of Cheibriados.
             Demolished by a tyrant leech (27 damage)
             ... in the Dungeon (Sprint IX: "|||||||||||||||||||||||||||||").
             The game lasted 00:02:24 (957 turns).

Theye the Spear-Bearer (Naga Fighter)                Turns: 957, Time: 00:02:24

Health: -14/102    AC: 11    Str: 41    XL:     10   Next: 75%
Magic:  1/18       EV: 13    Int: 24    God:    Cheibriados [******]
Gold:   0          SH:  0    Dex: 29    Spells: 1 memorised, 8 levels left

rFire  . . .     SeeInvis +     o - +4 halberd (venom)
rCold  . . .     Gourm    .     b - +0 scale mail
rNeg   . . .     Faith    .     (shield currently unavailable)
rPois  +         Spirit   .     p - +0 helmet
rElec  .         Dismiss  .     (no cloak)
rCorr  .         Reflect  .     (no gloves)
MR     +....     Harm     .     (no barding)
Stlth  +......... NoTele   +    (no amulet)
                                (no ring)
                                s - +3 ring of dexterity

@: mighty, infused, very slow
A: see invisible, deformed body, poison resistance, slowness 2, slow metabolism
1, spit poison 1, AC +3
a: Spit Poison, Bend Time, Temporal Distortion, Slouch, Step From Time, Renounce
Religion


You were in the Dungeon.
You worshipped Cheibriados.
Cheibriados was exalted by your worship.
You were hungry.

You visited 1 branch

Inventory:

Hand Weapons
 a - a +0 trident
 o - a +4 halberd of venom (weapon)
Armour
 b - a +0 scale mail (worn)
 c - a +0 shield
 p - a +0 helmet (worn)
 q - a +0 pair of boots
Jewellery
 r - a +3 ring of intelligence
 s - a +3 ring of dexterity (left hand)
Wands
 n - a wand of lightning (7/15)
Scrolls
 k - 3 scrolls of blinking
 l - 3 scrolls of remove curse
 m - 2 scrolls of amnesia
 t - 2 scrolls of recharging
 u - a scroll of fear
Potions
 d - 2 potions of might
 e - 6 potions of curing
 g - 4 potions of heal wounds
 h - a potion of haste
 i - 4 potions of magic
 j - 2 potions of agility
Comestibles
 f - a bread ration


   Skills:
 + Level 10.2 Fighting
 + Level 14.2 Polearms
 + Level 9.9 Armour
 + Level 4.4 Dodging
 + Level 6.5 Shields
 - Level 4.6 Charms
 * Level 11.1 Invocations


You had 8 spell levels left.
You knew the following spells:

 Your Spells              Type           Power        Failure   Level  Hunger
a - Infusion              Chrm           ###.         3%          1    ##.....


Dungeon Overview and Level Annotations

Branches:
Dungeon (1/1)

Altars:
Cheibriados
Dithmenos
Elyvilon
Fedhas
Gozag
Hepliaklqana
Kikubaaqudgha
Makhleb
Nemelex Xobeh
Okawaru
Qazlal
Ru
Sif Muna
Trog
Uskayaw
Vehumet
Xom
Yredelemnul
Zin
The Shining One
Beogh
Jiyva
Lugonu


Innate Abilities, Weirdness & Mutations

You cannot wear boots.
Your serpentine skin is tough. (AC +3)
You have supernaturally acute eyesight. (SInv)
Armour fits poorly on your strangely shaped body.
Your system is resistant to poisons. (rPois)
You cover ground very slowly.
You have a slow metabolism.
You can spit poison.


Message History

You have got your breath back.
Unknown command.
Unknown command.
You impale the tyrant leech!!
You kill the tyrant leech!
Cheibriados appreciates the change of pace.
Unknown command.
Unknown command.
The tyrant leech bites you but does no damage.
The tyrant leech bites you!
* * * LOW HITPOINT WARNING * * *
The tyrant leech draws strength from your injuries!
There is an open door to Lair:6 here.
Things that are here:
a tyrant leech corpse x2
You slash the tyrant leech!
The tyrant leech looks as sick as possible!
The tyrant leech is heavily wounded.
The tyrant leech bites you!!
You die...

▓.▓.▓_▓
▓.▓.▓_▓
▓.▓.▓_▓
▓.▓.▓_▓
▓.▓.▓_▓
▓.▓.▓_▓
▓.▓.▓_▓
▓.▓.▓.▓
▓@▓.▓'▓
▓w▓.▓.▓
▓†▓.▓.▓
▓.▓.▓|▓
▓.▓.▓)▓
▓.▓.▓.▓
▓.▓.▓.▓
▓.▓.▓[▓
▓.▓.▓


You could see a tyrant leech.

Vanquished Creatures
  A fire crab (D)
  A lindwurm (D)
  2 black mambas (D)
  3 spiny frogs (D)
  2 komodo dragons (D)
  3 tyrant leeches (D)
  A blink frog (D)
  4 hippogriffs (D)
  A dream sheep (D)
  A yak (D)
  A porcupine (D)
  2 ice beasts (D)
  A centaur (D)
  2 crocodiles (D)
  A bullfrog (D)
  2 scorpions (D)
  A jelly (D)
  A gnoll shaman (D)
  An orc wizard (D)
  An iguana (D)
  2 worker ants (D)
  2 adders (D)
  2 adder skeletons (D)
  2 worms (D)
  A leopard gecko (D)
  A bat (D)
  3 kobolds (D)
  A rat (D)
46 creatures vanquished.

Vanquished Creatures (others)
  A spatial maelstrom (D)
1 creature vanquished.

Grand Total: 47 creatures vanquished

Notes
Turn   | Place    | Note
-------+----------+-------------------------------------------
     0 | D        | Theye the Naga Fighter began the quest for the Orb.
     0 | D        | Reached XP level 1. HP: 21/21 MP: 1/1
    12 | D        | Banished a spatial maelstrom
    71 | D        | Noticed a scorpion
    71 | D        | Noticed a gnoll shaman
    71 | D        | Noticed a centaur
    87 | D        | HP: 1/31 [scorpion (4)]
    88 | D        | Killed a scorpion
    88 | D        | Reached skill level 5 in Fighting
    88 | D        | Reached skill level 3 in Polearms
    88 | D        | Reached XP level 2. HP: 1/32 MP: 2/2
    88 | D        | Reached XP level 3. HP: 1/39 MP: 3/3
    90 | D        | Reached skill level 4 in Polearms
    90 | D        | Reached XP level 4. HP: 2/46 MP: 4/4
    95 | D        | Killed a centaur
    95 | D        | Reached skill level 5 in Polearms
    95 | D        | Reached skill level 5 in Armour
    95 | D        | Reached skill level 1 in Dodging
    95 | D        | Reached XP level 5. HP: 2/56 MP: 5/5
   286 | D        | Found a roughly hewn altar of Beogh.
   286 | D        | Found a snail-covered altar of Cheibriados.
   286 | D        | Found a shadowy altar of Dithmenos.
   286 | D        | Found a white marble altar of Elyvilon.
   286 | D        | Found a blossoming altar of Fedhas.
   286 | D        | Found an opulent altar of Gozag.
   287 | D        | Found a hazy altar of Hepliaklqana.
   288 | D        | Found a viscous altar of Jiyva.
   289 | D        | Found an ancient bone altar of Kikubaaqudgha.
   290 | D        | Found a corrupted altar of Lugonu.
   291 | D        | Found a burning altar of Makhleb.
   292 | D        | Found a sparkling altar of Nemelex Xobeh.
   296 | D        | Became a worshipper of Cheibriados the Contemplative
   300 | D        | Found an iron altar of Okawaru.
   301 | D        | Found a stormy altar of Qazlal.
   302 | D        | Found a sacrificial altar of Ru.
   303 | D        | Found a deep blue altar of Sif Muna.
   304 | D        | Found a bloodstained altar of Trog.
   305 | D        | Found a hide-covered altar of Uskayaw.
   306 | D        | Found a radiant altar of Vehumet.
   307 | D        | Found a shimmering altar of Xom.
   308 | D        | Found a basalt altar of Yredelemnul.
   309 | D        | Found a glowing silver altar of Zin.
   310 | D        | Found a glowing golden altar of the Shining One.
   350 | D        | Noticed a yak
   350 | D        | Noticed an ice beast
   356 | D        | Reached * piety under Cheibriados
   356 | D        | Reached skill level 5 in Shields
   358 | D        | Reached ** piety under Cheibriados
   358 | D        | Reached XP level 6. HP: 58/63 MP: 5/7
   361 | D        | Killed a yak
   361 | D        | Reached skill level 6 in Polearms
   362 | D        | Reached *** piety under Cheibriados
   362 | D        | Reached skill level 7 in Polearms
   365 | D        | Killed an ice beast
   365 | D        | Reached XP level 7. HP: 47/72 MP: 5/10
   472 | D        | Noticed a hippogriff
   478 | D        | Reached **** piety under Cheibriados
   479 | D        | Reached skill level 5 in Invocations
   484 | D        | Killed a hippogriff
   484 | D        | Reached ***** piety under Cheibriados
   484 | D        | Reached skill level 8 in Polearms
   490 | D        | Reached skill level 9 in Polearms
   664 | D        | Noticed a hippogriff
   664 | D        | Noticed a komodo dragon
   664 | D        | Noticed a spiny frog
   666 | D        | Reached XP level 8. HP: 81/81 MP: 12/12
   669 | D        | Noticed a black mamba
   670 | D        | Killed a hippogriff
   670 | D        | Reached skill level 10 in Polearms
   672 | D        | Killed a komodo dragon
   672 | D        | Reached ****** piety under Cheibriados
   675 | D        | Killed a spiny frog
   675 | D        | Reached skill level 11 in Polearms
   675 | D        | Reached XP level 9. HP: 57/90 MP: 8/15
   680 | D        | Killed a black mamba
   827 | D        | Identified Heowka's Catalogue of the Assistive Snowflakes (You found it in the Dungeon)
   829 | D        | Learned a level 1 spell: Infusion
   837 | D        | Noticed a komodo dragon
   842 | D        | Reached skill level 12 in Polearms
   845 | D        | Killed a komodo dragon
   891 | D        | Noticed a spiny frog
   891 | D        | Noticed a fire crab
   891 | D        | Noticed a spiny frog
   891 | D        | Noticed a black mamba
   893 | D        | Killed a black mamba
   893 | D        | Reached skill level 1 in Charms
   895 | D        | Killed a spiny frog
   895 | D        | Reached XP level 10. HP: 91/99 MP: 10/17
   900 | D        | Killed a fire crab
   900 | D        | Reached skill level 13 in Polearms
   900 | D        | Reached skill level 10 in Invocations
   901 | D        | Killed a spiny frog
   930 | D        | Noticed a lindwurm
   943 | D        | Reached skill level 10 in Fighting
   949 | D        | Killed a lindwurm
   949 | D        | Reached skill level 14 in Polearms
   957 | D        | Demolished by a tyrant leech

Vault maps used:
D:        linesprint

Skill      XL: |  1  2  3  4  5  6  7  8  9 10 |
---------------+-------------------------------+-----
Shields        | 3 4 5 6 |  6.5
Fighting       | 5 6 7 8 9 10 | 10.2
Polearms       | 3 4 5 7 9 11 12 14 | 14.2
Armour         | 3 4 5 6 7 8 9 |  9.9
Dodging        | 1 2 3 4 |  4.4
Invocations    | 2 4 6 8 9 11 | 11.1
Charms         | 2 4 |  4.6

Action                   |  1- 3 |  4- 6 |  7- 9 | 10-12 || total
-------------------------+-------+-------+-------+-------++-------
Melee: Trident           |    36 |    10 |       |       ||    46
       Halberd           |       |    14 |    43 |    37 ||    94
 Cast: Infusion          |       |       |       |     1 ||     1
Invok: Slouch            |       |       |     2 |     2 ||     4
 Abil: Spit Poison       |       |       |       |     1 ||     1
  Use: Potion            |     1 |     1 |       |     2 ||     4
       Scroll            |       |       |     2 |       ||     2
 Stab: Invisible         |       |     6 |       |       ||     6
Armor: Scale mail        |    13 |     8 |    19 |     7 ||    47
Dodge: Dodged            |     5 |     5 |    23 |    11 ||    44
Block: Shield            |    11 |     2 |       |       ||    13
